 Dungeon Crawl Stone Soup version 0.25.0-41-g26779e291d (webtiles) character file.

Game seed: 2387932364457188883

233 Ethylacetat the Firebug (level 6, -13/36 HPs)
             Began as an Octopode Fire Elementalist on July 10, 2020.
             Was a Follower of Sif Muna.
             Killed by divine providence
             ... invoked by an orc priest
              (16 damage)
             ... on level 4 of the Dungeon.
             The game lasted 00:12:29 (4212 turns).

Ethylacetat the Firebug (OpFE)                      Turns: 4212, Time: 00:12:30

Health: -13/36     AC:  1    Str:  8    XL:     6   Next: 5%
Magic:  1/10       EV: 17    Int: 25    God:    Sif Muna [*.....]
Gold:   216        SH:  0    Dex: 12    Spells: 9/10 levels left

rFire    . . .     SeeInvis +   (no weapon)
rCold    . . .     Gourm    .   (no shield)
rNeg     . . .     Faith    .   (helmet restricted)
rPois    .         Spirit   .   (no amulet)
rElec    .         Reflect  .   e - ring of see invisible
rCorr    .         Harm     .   h - +6 ring of intelligence
MR       .....                  s - +4 ring of evasion
Stlth    +++.......             (no ring)
HPRegen  0.12/turn              (no ring)
MPRegen  0.12/turn              (no ring)
                                (no ring)
                                (no ring)

@: no status effects
A: almost no armour, stealthy swim, amphibious, 8 rings, constrict 8, camouflage
1, gelatinous body 1
a: Channel Magic, Renounce Religion


You were on level 4 of the Dungeon.
You worshipped Sif Muna.
Sif Muna was aware of your devotion.
You were not hungry.

You visited 1 branch of the dungeon, and saw 5 of its levels.

You collected 216 gold pieces.

Inventory:

Jewellery
 e - a ring of see invisible (left tentacle)
 h - a +6 ring of intelligence (right tentacle)
 s - a +4 ring of evasion (on tentacle)
Scrolls
 c - 2 scrolls of teleportation
 d - 4 scrolls of identify
 f - 4 scrolls of magic mapping {unknown}
 i - a scroll of noise {unknown}
 j - 2 scrolls of amnesia
 n - a scroll of blinking
 q - a scroll of enchant armour
Potions
 a - a potion of degeneration {unknown}
 g - a potion of curing {unknown}
 k - a potion of flight {unknown}
 l - 2 potions of heal wounds {unknown}
 m - 3 potions of stabbing
 r - 2 potions of might {unknown}
Comestibles
 b - 11 rations


   Skills:
 - Level 2.0 Dodging
 - Level 2.6 Stealth
 + Level 2.9 Spellcasting
 * Level 3.5 Conjurations
 * Level 4.5 Fire Magic
 + Level 1.7 Invocations


You had 9 spell levels left.
You knew the following spells:

 Your Spells              Type           Power        Failure   Level  Hunger
a - Foxfire               Conj/Fire      ###.         1%          1    None

Your spell library contained the following spells:

 Spells                   Type           Power        Failure   Level  Hunger
 Conjure Flame            Conj/Fire      ###.....     6%          3    ###....
 Inner Flame              Hex/Fire       ##......     12%         3    ###....
 Sticky Flame             Conj/Fire      ###.....     19%         4    ####...
 Fireball                 Conj/Fire      ###.......   47%         5    ######.


Dungeon Overview and Level Annotations

Branches:
Dungeon (5/15)
 Temple: D:4-7

Altars:
Ashenzari
Elyvilon
Nemelex Xobeh
Sif Muna

Annotations:
D:4 2 runed translucent doors, Quickbrownfox's ghost, amateur DsVM


Innate Abilities, Weirdness & Mutations

You cannot wear most types of armour.
You are very stealthy in the water. (Stealth+)
You are amphibious.
You can wear up to eight rings at the same time.
You can use your tentacles to constrict eight enemies at once.
Your skin changes colour to match your surroundings (Stealth+).
Your rubbery body absorbs attacks. (AC +1, EV +1)


Message History

* * * LOW HITPOINT WARNING * * *
Casting: Foxfire (safe; 1% risk of failure)
Confirm with . or Enter, or press ? or * to list all spells.
You conjure some foxfire!
You constrict the orc priest, but do no damage.
The orc priest barely misses you.
Casting: Foxfire (safe; 1% risk of failure)
Confirm with . or Enter, or press ? or * to list all spells.
Nothing appears to happen.
You constrict the orc priest, but do no damage.
The foxfire hits the orc priest but does no damage.
The orc priest is heavily wounded.
The orc priest hits you with a +0 dagger.
* * * LOW HITPOINT WARNING * * *
Casting: Foxfire (safe; 1% risk of failure)
Confirm with . or Enter, or press ? or * to list all spells.
You conjure some foxfire!
You constrict the orc priest.
The orc priest invokes the aid of Beogh against you.
Beogh smites you!
You die...

#..########.#.......(# #.#
#...........##....##.#####.###
#.############....##..........
#................#############
#############.#### #.......
#.# #)###### #<# #.# #
#o#########.# #@v.........#
#############


You could see an orc priest.

Vanquished Creatures
  A crimson imp (D:3)
  A quasit (D:5)
  An orc wizard (D:4)
  An iguana (D:4)
  An adder (D:4)
  An ooze (D:2)
  2 worms
  2 dart slugs
  3 leopard geckos
  8 orcs
  2 ball pythons
  5 bats
  5 giant cockroaches
  11 hobgoblins
  3 jackals (D:2)
  2 quokkas
  4 frilled lizards
  7 goblins
  9 kobolds
  7 rats
76 creatures vanquished.

Vanquished Creatures (collateral kills)
  An orc (D:4)
  A rat (D:1)
2 creatures vanquished.

Vanquished Creatures (others)
  256 foxfires
256 creatures vanquished.

Grand Total: 334 creatures vanquished

Notes
Turn   | Place    | Note
-------+----------+-------------------------------------------
     0 | D:1      | Ethylacetat the Octopode Fire Elementalist began the quest
                  | for the Orb.
     0 | D:1      | Reached XP level 1. HP: 11/11 MP: 3/3
   117 | D:1      | Reached XP level 2. HP: 11/17 MP: 0/5
   980 | D:1      | Reached XP level 3. HP: 21/21 MP: 2/6
  1499 | D:2      | Found a shimmering blue altar of Sif Muna.
  1532 | D:2      | Became a worshipper of Sif Muna the Loreminder
  1672 | D:2      | Reached XP level 4. HP: 27/27 MP: 4/7
  2501 | D:3      | Found a white marble altar of Elyvilon.
  2520 | D:3      | Reached * piety under Sif Muna
  2996 | D:4      | Found a runed translucent door.
  2999 | D:4      | Noticed Quickbrownfox's ghost (amateur DsVM)
  3006 | D:4      | Reached skill level 4 in Fire Magic
  3006 | D:4      | Reached skill level 1 in Invocations
  3006 | D:4      | Reached XP level 5. HP: 31/31 MP: 2/8
  3453 | D:4      | Found a shattered altar of Ashenzari.
  3476 | D:4      | Found a shimmering blue altar of Sif Muna.
  3660 | D:4      | Found a sparkling altar of Nemelex Xobeh.
  3685 | D:4      | Found a runed translucent door.
  3767 | D:5      | Entered Level 5 of the Dungeon
  4171 | D:3      | Reached XP level 6. HP: 25/36 MP: 7/10
  4212 | D:4      | Killed from afar by an orc priest

Illustrated notes

Levels and vault maps discovered:
D:1:      eino_arrival_druids_welcome, layout_basic
D:2:      layout_basic, first_ration, kennysheep_flooded_box
D:3:      layout_loops_cross, elyvilon_altar_3
D:4:      layout_loops_ring, lemuel_doored_altar, kennysheep_mini,
          ebering_ghost_sewer_f, lemuel_blue_sif_altar
D:5:      layout_layer_cave, dancing_weapons_uskayaw,
          gammafunk_temple_overflow_elements, temple_statues,
          gammafunk_ghost_nasty_kobolds, uniq_duvessa, uniq_menkaure,
          uniq_blork_the_orc, uniq_ijyb

Skill      XL: |  1  2  3  4  5 |
---------------+----------------+-----
Conjurations   | 2 3 |  3.5
Fire Magic     | 4 |  4.5
Invocations    | 1 |  1.7
Dodging        | |  2.0
Stealth        | |  2.6
Spellcasting   | |  2.9

Action                   |  1- 3 |  4- 6 || total
-------------------------+-------+-------++-------
Melee: Unarmed           |    14 |    23 ||    37
       Constrict         |     7 |     4 ||    11
       Tentacles         |       |     2 ||     2
 Cast: Foxfire           |    75 |    97 ||   172
  Use: Scroll            |       |     8 ||     8
  Eat: Chunk             |     3 |     7 ||    10
Armor: Skin              |     4 |     3 ||     7
Dodge: Dodged            |    15 |    42 ||    57
